 Dungeon Crawl Stone Soup version 0.16-a0-3518-gebcadde (webtiles) character file.

78 Gronka the Sneak (level 4, -11/33 HPs)
             Began as a Vampire Assassin on Jan 6, 2015.
             Mangled by an ogre
             ... wielding a +0 giant club
              (19 damage)
             ... on level 3 of the Dungeon.
             The game lasted 00:10:39 (2442 turns).

Gronka the Sneak (Vampire Assassin)                 Turns: 2442, Time: 00:10:39

Health: -11/33     AC:  3    Str: 11    XL:     4   Next: 15%
Magic:  4/4        EV: 12    Int: 13    God:
Gold:   76         SH:  0    Dex: 15    Spells: 0 memorised, 3 levels left

rFire  . . .     SeeInvis +     k - +2 dagger (speed)
rCold  . . .     Clarity  .     c - +0 robe
rNeg   + . .     SustAb   .     (no shield)
rPois  .         Gourm    .     (no helmet)
rElec  .         Spirit   .     d - +0 cloak
rCorr  .         Warding  .     (no gloves)
rMut   .         Stasis   .     (no boots)
MR     .....                    (no amulet)
Stlth  ++++......               (no ring)
                                m - ring of flight

@: not resistant to hostile enchantments, stealthy
A: bottle blood, fangs 3, see invisible, unbreathing
a: Bat Form, Evoke Flight


You were on level 3 of the Dungeon.
You were not thirsty.

You visited 1 branch of the dungeon, and saw 3 of its levels.

You collected 76 gold pieces.

Inventory:

Hand weapons
 a - a +2 dagger
 b - a +0 blowgun
 k - a +2 dagger of speed (weapon)
Missiles
 e - 19 poisoned needles
 f - 2 curare-tipped needles
Armour
 c - a +0 robe (worn)
 d - a +0 cloak (worn)
Jewellery
 m - a ring of flight (left hand)
Scrolls
 g - a scroll of fog {unknown}
 h - a scroll of immolation {unknown}
 i - 3 scrolls of identify {unknown}
 n - a scroll of enchant armour {unknown}
 o - 2 scrolls of recharging {unknown}
 p - a scroll of teleportation {unknown}
Potions
 j - 2 potions of curing
 l - a potion of haste {unknown}


   Skills:
 + Level 2.0 Fighting
 + Level 2.9 Short Blades
 + Level 1.8 Throwing
 + Level 2.0 Dodging
 + Level 7.3 Stealth


You had 3 spell levels left.
You didn't know any spells.

Dungeon Overview and Level Annotations

Branches:
Dungeon (2/15)

Altars:
Kikubaaqudgha
Nemelex Xobeh
Okawaru


Innate Abilities, Weirdness & Mutations

You can bottle blood from corpses.
You have razor-sharp teeth.
You have supernaturally acute eyesight.
You can survive without breathing.


Message History

p - a scroll labeled BYLIV GHAIXIY A rat comes into view.
An orc and an ogre come into view.
You see here a potion of curing.
j - 2 potions of curing (gained 1)
You hit the ogre but do no damage. You bite the ogre.
The ogre is lightly wounded.
The ogre hits you with a giant club!!
Ouch! That really hurt!
An orc comes into view. It is wielding a whip.
Found a leather armour.
The orc hits you with a short sword.
* * * LOW HITPOINT WARNING * * *
You barely miss the ogre.
The ogre is lightly wounded.
You closely miss the ogre.
The ogre is lightly wounded.
The orc barely misses you. The ogre hits you with a giant club!!
Ouch! That really hurt!
You die...

##...###..##.....#####
#.....#...##.#.#.#
.................#
..#..............#
#..............#
.....#?.........#
#...###.........#
.#..#......oO..#
##...r.....@..#
.#..........#
#..........#
...........#
.o.........#
.[........# .........#
........# #+#


You could see an ogre, 2 orcs and a rat (sleeping).

Vanquished Creatures
  3 adders
  A giant cockroach (D:1)
  10 goblins
  5 hobgoblins
  5 kobolds
  2 quokkas (D:2)
  7 bats
  6 giant geckos
  A giant newt (D:1)
  9 rats
49 creatures vanquished.

Notes
Turn   | Place    | Note
--------------------------------------------------------------
     0 | D:1      | Gronka, the Vampire Assassin, began the quest for the Orb.
     0 | D:1      | Reached XP level 1. HP: 16/16 MP: 1/1
    20 | D:1      | Reached skill level 6 in Stealth
   385 | D:1      | Reached XP level 2. HP: 6/22 MP: 2/2
  1449 | D:2      | Reached XP level 3. HP: 14/27 MP: 3/3
  1586 | D:2      | Reached skill level 7 in Stealth
  1656 | D:2      | Found a sparkling altar of Nemelex Xobeh.
  2329 | D:3      | Reached XP level 4. HP: 33/33 MP: 4/4
  2367 | D:3      | Found an ancient bone altar of Kikubaaqudgha.
  2396 | D:3      | Found an iron altar of Okawaru.
  2427 | D:3      | Noticed an ogre
  2442 | D:3      | Mangled by an ogre

Action                   |  1- 3 |  4- 6 || total
-------------------------+-------+-------++-------
Melee: Dagger            |    98 |     8 ||   106
 Fire: Blowgun           |    12 |       ||    12
  Use: Potion            |     4 |       ||     4
 Stab: Sleeping          |    17 |     1 ||    18
  Eat: Corpse            |     5 |       ||     5
